Map: Prion Terraces

Players

Geeden

  • Race: Zerg Zerg
  • League: Grandmaster

Pokebunny - Winner!

  • Race: Terran Terran
  • League: Grandmaster

VOD

Have the link to the VOD?

Description

Time

  • Played on: April 5, 2016, 9:53 p.m.
  • Length: 6:34
Show
View Real Time Build Order
Export as new Build Order

Geeden Zerg 

Build Orders: Hatch First 

Get SALT Encoding   

  12  0:01  Drone  
  13  0:12  Overlord  
  13  0:17  Drone  
  14  0:30  Drone  
  14  0:31  Drone  
  14  0:35  Drone  
  17  0:53  Hatchery  
  17  0:56  Drone  
  17  0:57  Drone  
  18  1:11  Extractor  
  17  1:13  Spawning Pool  
  17  1:15  Drone  
  17  1:18  Drone  
  18  1:28  Drone  
  19  1:42  Drone  
  20  1:50  Overlord  
  20  2:02  Queen  
  20  2:05  Queen  
  20  2:06  Zergling x4  
  26  2:10  Metabolic Boost  
  26  2:14  Zergling x2  
  27  2:18  Zergling x2  
  28  2:23  Overlord  
  27  2:42  Roach Warren  
  27  2:44  Overlord  
  26  2:45  Drone x2  
  26  2:46  Drone  
  26  2:47  Overlord  
  29  3:09  Overlord  
  29  3:22  Roach x5  
  29  3:23  Roach x2  
  29  3:26  Roach  
  45  3:45  Roach  
  45  3:46  Roach  
  45  3:47  Zergling x6  
  45  3:48  Zergling x8  
  56  3:50  Zergling x2  
  57  3:58  Zergling x2  
  58  4:09  Zergling x6  
  61  4:14  Hatchery  
  60  4:21  Zergling x2  
  60  4:22  Zergling x4  
  63  4:31  Zergling x8  
  59  4:40  Zergling x2  
  59  4:41  Zergling x2  
  54  4:51  Zergling x10  
  54  4:52  Zergling x2  
  54  5:06  Queen  
  48  5:15  Drone x5  
  47  5:22  Lair  
  47  5:26  Baneling Nest  
  41  5:33  Drone  
  41  5:34  Drone x3  
  44  5:46  Zergling x6  
  44  5:47  Zergling x6  
  44  5:49  Zergling x2  
  51  6:01  Roach x2  
  55  6:09  Zergling x12  
  55  6:11  Overlord  
  61  6:12  Baneling x4  
Show
View Real Time Build Order
Export as new Build Order

Pokebunny Terran - Winner!

Build Orders: Reaper Expand 

Get SALT Encoding   

  12  0:00  SCV  
  13  0:12  SCV  
  14  0:17  Supply Depot  
  14  0:25  SCV  
  15  0:39  SCV  
  15  0:41  Barracks  
  16  0:44  Refinery  
  16  0:51  SCV  
  17  1:03  SCV  
  18  1:15  SCV  
  19  1:29  Reaper, Orbital Command  
  20  1:39  Command Center  
  20  1:53  Supply Depot  
  20  1:55  SCV  
  21  2:02  Barracks  
  21  2:03  Barracks Reactor  
  21  2:07  SCV  
  22  2:17  Barracks  
  22  2:21  SCV  
  23  2:24  Refinery  
  23  2:33  SCV  
  24  2:41  Marine x2  
  26  2:45  SCV  
  26  2:46  Factory  
  26  2:50  Barracks Tech Lab  
  27  2:56  Orbital Command  
  27  3:02  Marine  
  28  3:08  Marine  
  29  3:13  Stimpack  
  29  3:17  Marine  
  29  3:19  Marine  
  31  3:21  SCV  
  31  3:23  SCV  
  31  3:25  Marine  
  34  3:36  Starport  
  34  3:37  Factory Reactor  
  34  3:40  SCV x2  
  35  3:44  Supply Depot  
  35  3:46  Supply Depot  
  35  3:47  Bunker  
  35  3:52  Marine  
  35  3:53  Marine x2  
  35  3:55  Marine  
  38  3:58  SCV x2  
  41  4:10  Marine x2, SCV x2  
  41  4:11  Marine  
  41  4:13  Marine  
  47  4:22  Factory Tech Lab, SCV x2  
  47  4:23  Medivac x2  
  53  4:36  Marine x3  
  49  4:45  Siege Tank  
  38  4:53  Marine  
  38  4:54  Marine x2  
  36  5:02  Marine  
  36  5:04  Medivac  
  35  5:11  Marine  
  35  5:12  Marine x2  
  38  5:20  Marine  
  36  5:29  Marine, SCV x2  
  36  5:30  Marine x2  
  41  5:39  Medivac  
  41  5:41  SCV  
  44  5:50  Marine x2  
  44  5:51  SCV  
  44  5:53  SCV  
  48  6:03  SCV  
  49  6:06  SCV  
  49  6:08  Supply Depot  
  50  6:12  Marine x4  
Tags
 
Add a new tag
Caveats
  • Supply blocks, unpowered buildings, or Contaminate may cause inaccurate times.
  • Supply counts are checked every 10 seconds.